 Dungeon Crawl Stone Soup version 0.18.1-50-g88ac8fd (webtiles) character file.

58939 Kirk the Devastator (level 14, -2/94 HPs)
             Began as an Octopode Conjurer on Oct 3, 2016.
             Was a High Priest of Vehumet.
             Killed from afar by a rime drake (17 damage)
             ... with a flash freeze
             ... on level 6 of the Lair of Beasts.
             The game lasted 01:48:56 (26921 turns).

Kirk the Devastator (Octopode Conjurer)            Turns: 26921, Time: 01:48:58

Health: -2/94      AC:  8    Str:  7 (8)  XL:     14   Next: 92%
Magic:  13/32      EV: 14    Int: 22      God:    Vehumet [*****.]
Gold:   980        SH:  0    Dex: 12      Spells: 7 memorised, 17 levels left

rFire  . . .     SeeInvis +     x - +2 falchion (protect)
rCold  . . .     Gourm    .     (no shield)
rNeg   . . .     Faith    .     (helmet restricted)
rPois  +         Spirit   .     (no amulet)
rElec  .         Dismiss  .     n - ring of poison resistance
rCorr  +         Reflect  .     m - ring of resist corrosion
SustAt .         Harm     .     e - ring of see invisible
MR     +....                    (no ring)
Stlth  +++++.....               (no ring)
                                (no ring)
                                (no ring)
                                (no ring)

@: somewhat resistant to hostile enchantments, quite stealthy
A: almost no armour, amphibious, 8 rings, constrict 8, antennae 1, thin metallic
scales 1, camouflage 2, deterioration 1, gelatinous body 1
a: Renounce Religion


You were on level 6 of the Lair of Beasts.
You worshipped Vehumet.
Vehumet was extremely pleased with you.
You were not hungry.

You visited 3 branches of the dungeon, and saw 19 of its levels.

You collected 1292 gold pieces.
You spent 312 gold pieces at shops.

Inventory:

Hand Weapons
 x - a +2 falchion of protection (weapon)
 E - the +0 falchion "Tiroicre" {flame, rPois MP+9}
   (You found it on level 8 of the Lair of Beasts)

   It has been specially enchanted to burn those struck by it, causing extra
   injury to most foes and up to half again as much damage against particularly
   susceptible opponents.
   Big, fiery blades are also staple armaments of hydra-hunters.
   It protects you from poison.
   It affects your magic capacity (+9).
 Q - the +4 great sword of the End {pain, rC++ Str+2}
   (You found it on level 7 of the Lair of Beasts)

   In the hands of one skilled in necromantic magic, it inflicts extra damage on
   living creatures.
   It affects your strength (+2).
   It greatly protects you from cold.
 U - a +2 battleaxe of freezing
Missiles
 f - 6 curare-tipped needles
 h - 73 poisoned needles
 B - a throwing net (quivered)
Jewellery
 e - a ring of see invisible (on tentacle)
 m - a ring of resist corrosion (right tentacle)
 n - a ring of poison resistance (left tentacle)
Wands
 o - a wand of iceblast (0/15)
 y - a wand of random effects (38/48)
 z - a wand of slowing (20/48)
 A - a wand of teleportation (4/9)
 M - a wand of lightning (4/15)
 O - a wand of heal wounds (5/9)
Scrolls
 d - 6 scrolls of remove curse
 g - 3 scrolls of enchant armour
 i - 2 scrolls of amnesia
 j - 7 scrolls of magic mapping
 k - a scroll of enchant weapon
 q - a scroll of identify
 G - 5 scrolls of recharging
 L - a scroll of fog
 W - 3 scrolls of teleportation
Potions
 l - a potion of cure mutation
 r - a potion of brilliance
 s - 6 potions of curing
 t - a potion of ambrosia
 v - a potion of resistance
 w - 3 potions of lignification
 F - a potion of agility
 H - a potion of flight
 I - a potion of magic
 N - a potion of cancellation {unknown}
 V - a potion of might
Books
 a - a book of Conjurations

   Spells                             Type                      Level
   a - Magic Dart                     Conjuration                  1
   b - Searing Ray                    Conjuration                  2
   c - Dazzling Spray                 Conjuration/Hexes            3
   d - Fulminant Prism                Conjuration/Hexes            4
   e - Iskenderun's Mystic Blast      Conjuration                  4
   f - Iskenderun's Battlesphere      Conjuration/Charms           5
 u - a book of Transfigurations

   Spells                             Type                      Level
   a - Irradiate                      Conjuration/Transmutation    5
   b - Statue Form                    Transmutation/Earth          6
   c - Hydra Form                     Transmutation                6
   d - Dragon Form                    Transmutation                7
 D - a book of Changes

   Spells                             Type                      Level
   a - Beastly Appendage              Transmutation                1
   b - Sticks to Snakes               Transmutation                2
   c - Spider Form                    Transmutation/Poison         3
   d - Ice Form                       Ice/Transmutation            4
   e - Blade Hands                    Transmutation                5
 J - a book of Party Tricks

   Spells                             Type                      Level
   a - Summon Butterflies             Summoning                    1
   b - Apportation                    Translocation                1
   c - Tukima's Dance                 Hexes                        3
   d - Alistair's Intoxication        Transmutation/Poison         5
   e - Invisibility                   Hexes                        6
 S - a book of Burglary

   Spells                             Type                      Level
   a - Swiftness                      Charms/Air                   2
   b - Passwall                       Transmutation/Earth          2
   c - Passage of Golubria            Translocation                4
   d - Lee's Rapid Deconstruction     Earth                        5
   e - Darkness                       Hexes                        6
   f - Invisibility                   Hexes                        6
Miscellaneous
 P - a lamp of fire (inert)
 T - a fan of gales (inert)
Comestibles
 b - 7 bread rations
 c - 5 chunks of flesh
 p - 4 meat rations
 C - 9 royal jellies
 K - a slice of pizza


   Skills:
 - Level 8.0 Fighting
 - Level 5.5 Dodging
 - Level 4.1 Stealth
 + Level 14.5 Spellcasting
 + Level 15.1 Conjurations
 - Level 6.0 Charms
 - Level 7.4 Evocations


You had 17 spell levels left.
You knew the following spells:

 Your Spells              Type           Power        Failure   Level  Hunger
a - Magic Dart            Conj           ####         0%          1    None
b - Iskenderun's Mystic   Conj           ######..     1%          4    None
c - Fulminant Prism       Conj/Hex       #####.....   1%          4    None
d - Force Lance           Conj/Tloc      #####...     1%          4    None
e - Iskenderun's Battles  Conj/Chrm      ######..     1%          5    ###....
f - Swiftness             Chrm/Air       ####....     1%          2    None
g - Bolt of Magma         Conj/Fire/Erth #####.....   4%          5    ###....


Dungeon Overview and Level Annotations

Branches:
Dungeon (10/15)            Temple (1/1) D:4            Lair (8/8) D:8
 Shoals (0/4) Lair:4       Spider (0/4) Lair:4        Slime (0/6) Lair:6
    Orc (0/2) D:9

Altars:
Elyvilon
Fedhas
Gozag
Kikubaaqudgha
Nemelex Xobeh
Okawaru
Pakellas
Qazlal
Ru
Sif Muna
Vehumet
Xom
Yredelemnul
Zin
The Shining One

Shops:
D:9 !

Annotations:
D:2 Crazy Yiuf
D:5 Daonar's ghost, amateur MiFi


Innate Abilities, Weirdness & Mutations

You cannot wear most types of armour.
You are amphibious.
You can wear up to eight rings at the same time.
You can use your tentacles to constrict eight enemies at once.
Your skin blends seamlessly with your surroundings (Stealth).
Your rubbery body absorbs attacks (AC +1).
You have a pair of small antennae on your head.
You are partially covered in thin metallic scales (AC +2).
Your body sometimes deteriorates upon taking damage.


Message History

* * * LOW HITPOINT WARNING * * *
Your body deteriorates!
You feel weakened. A mysterious force pulls you upwards.
The hatch slams shut behind you.
A rime drake comes into view.
Unknown command.
The rime drake breathes ice at you. The flash freeze hits you!
* * * LOW HITPOINT WARNING * * *
You are encased in ice.
Drink which item? (? for menu, Esc to quit)
You feel better.
Drink which item? (? for menu, Esc to quit)
You feel better.
Casting: Iskenderun's Mystic Blast
Confirm with . or Enter, or press ? or * to list all spells.
You conjure a globe of magical energy.
The ice encasing you melts away. The rime drake breathes ice at you.
The flash freeze hits you!
You die...

##### ##### ## ####.#.# ###.#.#
#. # #......###...#.#### #. #
#..........*......## #. #
#..P...k>..@..#....# ##. #
##....#....##......## ### #..
#####.........P........P###.####.
#PP......P................P...P..
.P............###...###..........
...............#....###..........
..............###...##...........
.........P....................P..
..........##......>.........##...


You could see a rime drake and a friendly battlesphere.

Vanquished Creatures
  A catoblepas (Lair:8)
  A hydra (Lair:7)
  Erica (Lair:1)
  13 death yaks
  Pikel (D:6)
  A wolf spider (Lair:4)
  A griffon (Lair:5)
  9 elephants
  2 black mambas
  22 spiny frogs
  14 komodo dragons
  5 rime drakes
  3 trolls
  2 slime creatures (Lair:6)
  Grinder (D:4)
  A queen bee (D:8)
  18 blink frogs
  A boulder beetle (Lair:8)
  Sigmund (D:5)
  A fire elemental (Lair:4)
  50 yaks
  6 wyverns
  Eustachio (D:6)
  4 basilisks
  13 hippogriffs
  2 wargs (D:9)
  Menkaure (D:7)
  31 water moccasins
  Duvessa (D:6)
  18 porcupines
  3 ice beasts
  A slave (D:6)
  6 orc warriors
  A black bear (D:9)
  A sky beast (D:10)
  5 ogres
  A phantom (D:8)
  14 wolves
  13 crocodiles
  5 centaurs
  The ghost of Nordron the Changer, an amateur OpTm (D:3)
  Blork the orc (D:5)
  18 giant frogs
  A gnoll sergeant (D:10)
  Dowan (D:6)
  A wyvern skeleton (D:10)
  14 killer bees (D:8)
  3 scorpions
  4 electric eels
  7 crimson imps
  6 hounds
  3 orc priests
  3 centaur skeletons
  5 jellies
  6 orc wizards
  A giant frog skeleton (D:9)
  12 iguanas
  Natasha (D:2)
  4 hell rats (Lair:8)
  10 worker ants
  43 sheep
  2 hound skeletons
  A worker ant zombie (D:8)
  11 gnolls
  A howler monkey zombie (D:9)
  18 adders
  69 river rats
  A shadow imp (D:5)
  12 white imps (Lair:3)
  An ooze (D:3)
  2 adder skeletons
  2 worms
  2 dart slugs
  6 giant geckos
  30 orcs
  6 giant cockroaches
  12 goblins
  7 hobgoblins
  9 jackals
  A quokka (D:2)
  A ball python (D:4)
  7 bats
  A giant gecko skeleton (D:6)
  16 giant newts
  9 kobolds
  A quokka skeleton (D:4)
  2 quokka zombies
  9 rats
  A spectral orc (D:7)
  3 fungi
664 creatures vanquished.

Vanquished Creatures (collateral kills)
  A catoblepas (Lair:8)
  A torpor snail (Lair:8)
  3 blink frogs (Lair:3)
  A yak (Lair:8)
  A porcupine (Lair:3)
  A crocodile (Lair:8)
8 creatures vanquished.

Vanquished Creatures (others)
  16 fulminant prisms
  20 fungi
  20 plants
56 creatures vanquished.

Grand Total: 728 creatures vanquished

Notes
Turn   | Place    | Note
--------------------------------------------------------------
     0 | D:1      | Kirk the Octopode Conjurer began the quest for the Orb.
     0 | D:1      | Reached XP level 1. HP: 11/11 MP: 3/3
    95 | D:1      | Reached XP level 2. HP: 17/17 MP: 0/5
   462 | D:1      | Reached XP level 3. HP: 21/21 MP: 3/6
   874 | D:2      | Found an opulent altar of Gozag.
  1047 | D:2      | Noticed Natasha
  1058 | D:2      | Killed Natasha
  1058 | D:2      | Reached skill level 5 in Conjurations
  1058 | D:2      | Reached XP level 4. HP: 15/27 MP: 2/8
  1393 | D:2      | Noticed Crazy Yiuf
  1454 | D:3      | Noticed Nordron's ghost (amateur OpTm)
  1454 | D:3      | Reached XP level 5. HP: 31/31 MP: 6/10
  1565 | D:3      | Found a white marble altar of Elyvilon.
  1597 | D:3      | Killed Nordron's ghost
  1875 | D:3      | Reached XP level 6. HP: 36/36 MP: 8/12
  1893 | D:3      | Found a sparkling altar of Nemelex Xobeh.
  1999 | D:3      | Reached skill level 6 in Conjurations
  2408 | D:4      | Learned a level 4 spell: Iskenderun's Mystic Blast
  2763 | D:4      | Noticed Grinder
  3015 | D:4      | Found a staircase to the Ecumenical Temple.
  3103 | D:5      | Entered Level 5 of the Dungeon
  3110 | D:5      | Noticed Blork the orc
  3242 | D:5      | Noticed Sigmund
  3272 | D:5      | Reached XP level 7. HP: 24/41 MP: 4/14
  3397 | D:5      | Reached skill level 5 in Spellcasting
  3598 | D:5      | Noticed Daonar's ghost (amateur MiFi)
  3722 | D:5      | Killed Blork the orc
  3861 | D:5      | Reached skill level 7 in Conjurations
  4215 | Temple   | Entered the Ecumenical Temple
  4223 | Temple   | Became a worshipper of Vehumet
  4274 | D:4      | Killed Grinder
  4274 | D:4      | Reached XP level 8. HP: 46/46 MP: 3/17
  4560 | D:5      | Killed Sigmund
  4677 | D:6      | Reached skill level 8 in Conjurations
  4697 | D:6      | Noticed Eustachio
  4708 | D:6      | Killed Eustachio
  4887 | D:6      | Noticed Duvessa
  4899 | D:6      | Killed Duvessa
  5058 | D:6      | Noticed Dowan
  5088 | D:6      | Found an oddly glowing altar of Pakellas.
  5262 | D:6      | Killed Dowan
  5262 | D:6      | Reached XP level 9. HP: 51/51 MP: 7/20
  5343 | D:6      | Noticed Pikel
  5368 | D:6      | Killed Pikel
  5368 | D:6      | Reached skill level 9 in Conjurations
  5749 | D:6      | Found a blossoming altar of Fedhas.
  6292 | D:7      | Found a sacrificial altar of Ru.
  6418 | D:7      | Noticed Menkaure
  6420 | D:7      | Killed Menkaure
  6441 | D:7      | Learned a level 4 spell: Fulminant Prism
  6467 | D:7      | Found a basalt altar of Yredelemnul.
  6512 | D:7      | Reached skill level 10 in Conjurations
  6687 | D:8      | Reached * piety under Vehumet
  6687 | D:8      | Offered knowledge of Sandblast by Vehumet.
  6847 | D:8      | Found a stormy altar of Qazlal.
  6900 | D:8      | Noticed a troll
  7130 | D:8      | Reached XP level 10. HP: 54/56 MP: 18/23
  7530 | D:8      | Found an ancient bone altar of Kikubaaqudgha.
  7830 | D:8      | Reached skill level 10 in Spellcasting
  7836 | D:8      | Reached ** piety under Vehumet
  7836 | D:8      | Offered knowledge of Flame Tongue by Vehumet.
  8107 | D:8      | Reached skill level 11 in Conjurations
  8956 | D:8      | Found a staircase to the Lair.
  9230 | D:9      | Found Laqouxokh's Distillery.
  9238 | D:9      | Bought a potion of curing for 36 gold pieces
  9238 | D:9      | Bought a potion of curing for 36 gold pieces
  9348 | D:9      | Noticed a hill giant
  9533 | D:8      | Reached XP level 11. HP: 55/61 MP: 18/26
  9660 | D:9      | Found a staircase to the Orcish Mines.
  9817 | D:9      | Offered knowledge of Ignite Poison by Vehumet.
  9926 | D:9      | Reached skill level 12 in Conjurations
 10388 | D:10     | Entered Level 10 of the Dungeon
 10598 | D:10     | Reached *** piety under Vehumet
 11296 | D:10     | Offered knowledge of Force Lance by Vehumet.
 11491 | D:9      | Bought a potion of magic for 96 gold pieces
 11491 | D:9      | Bought 2 potions of curing for 72 gold pieces
 11491 | D:9      | Bought 2 potions of curing for 72 gold pieces
 11530 | Lair:1   | Entered Level 1 of the Lair of Beasts
 12450 | Lair:1   | Noticed Erica
 12461 | Lair:1   | Killed Erica
 13138 | Lair:1   | Reached skill level 13 in Conjurations
 13470 | Lair:1   | Learned a level 4 spell: Force Lance
 13486 | Lair:1   | Learned a level 5 spell: Iskenderun's Battlesphere
 13556 | Lair:2   | Reached **** piety under Vehumet
 13619 | Lair:2   | Reached XP level 12. HP: 48/66 MP: 1/28
 13799 | Lair:2   | Offered knowledge of Sticky Flame by Vehumet.
 14815 | Lair:2   | Reached skill level 1 in Evocations
 15176 | Lair:3   | Reached skill level 1 in Charms
 15188 | Lair:3   | Reached skill level 1 in Fighting
 15605 | Lair:3   | Got a dazzling morningstar
 15938 | Lair:3   | Identified the +6 morningstar of Symou {crush, Int+3 Stlth+} (You found it on level 3 of the Lair of Beasts)
 16390 | Lair:3   | Reached ***** piety under Vehumet
 16398 | Lair:3   | Offered knowledge of Delayed Fireball by Vehumet.
 16901 | Lair:3   | Reached skill level 5 in Evocations
 17020 | Lair:3   | Reached XP level 13. HP: 76/79 MP: 12/30
 17313 | Lair:3   | Reached skill level 5 in Charms
 17769 | Lair:4   | Learned a level 2 spell: Swiftness
 17924 | Lair:4   | Found a hole to the Spider Nest.
 18155 | Lair:4   | Found a staircase to the Shoals.
 18185 | Lair:4   | Reached skill level 5 in Fighting
 21255 | Lair:5   | Reached skill level 5 in Dodging
 21673 | Lair:6   | Reached XP level 14. HP: 94/94 MP: 24/31
 21699 | Lair:6   | Offered knowledge of Bolt of Magma by Vehumet.
 21708 | Lair:6   | Learned a level 5 spell: Bolt of Magma
 21922 | Lair:6   | Found a staircase to the Slime Pits.
 22114 | Lair:6   | Gained mutation: Your body sometimes deteriorates upon taking damage. [potion of mutation]
 22114 | Lair:6   | Gained mutation: You have a pair of small antennae on your head. [potion of mutation]
 22114 | Lair:6   | Gained mutation: Your skin blends seamlessly with your surroundings (Stealth). [potion of mutation]
 22225 | Lair:6   | Gained mutation: You are partially covered in thin metallic scales (AC +2). [potion of mutation]
 22225 | Lair:6   | Gained mutation: You are frail (-10% HP). [potion of mutation]
 22318 | Lair:6   | Lost mutation: You are frail (-10% HP). [potion of cure mutation]
 22791 | Lair:6   | Reached skill level 14 in Conjurations
 22991 | Lair:7   | Got a warped great sword
 22992 | Lair:7   | Identified the +4 great sword of the End {pain, rC++ Str+2} (You found it on level 7 of the Lair of Beasts)
 23994 | Lair:8   | Entered Level 8 of the Lair of Beasts
 25748 | Lair:8   | Offered knowledge of Ozocubu's Refrigeration by Vehumet.
 26059 | Lair:8   | Got an encrusted falchion
 26060 | Lair:8   | Identified the cursed +0 falchion "Tiroicre" {flame, rPois MP+9} (You found it on level 8 of the Lair of Beasts)
 26198 | Lair:8   | Reached skill level 15 in Conjurations
 26918 | Lair:6   | HP: 3/94 [rime drake/flash freeze (23)]
 26921 | Lair:6   | Killed from afar by a rime drake

Skill      XL: |  1  2  3  4  5  6  7  8  9 10 11 12 13 14 |
---------------+-------------------------------------------+-----
Spellcasting   | 3 4 6 7 9 11 12 13 14 | 14.5
Conjurations   | 5 6 7 8 10 11 13 15 | 15.1
Evocations     | 5 7 |  7.4
Charms         | 4 6 |  6.0
Fighting       | 4 8 |  8.0
Dodging        | 5 |  5.5
Stealth        | 4 |  4.1

Action                   |  1- 3 |  4- 6 |  7- 9 | 10-12 | 13-15 || total
-------------------------+-------+-------+-------+-------+-------++-------
Melee: Unarmed           |     3 |       |       |       |       ||     3
       Constrict         |    14 |     5 |    12 |    24 |    11 ||    66
       Dagger            |    51 |    23 |     8 |       |       ||    82
       Tentacles         |     7 |     1 |     5 |    16 |    11 ||    40
       Falchion          |       |       |    31 |    93 |    46 ||   170
 Cast: Magic Dart        |    34 |   149 |    81 |   131 |   189 ||   584
       Iskenderun's Myst |       |     2 |    79 |   366 |   329 ||   776
       Iskenderun's Batt |       |       |       |    16 |    97 ||   113
       Fulminant Prism   |       |       |       |     8 |     8 ||    16
Evoke: Wand              |       |       |     5 |    15 |     5 ||    25
       Fan of gales      |       |       |       |     1 |     1 ||     2
       Lamp of fire      |       |       |       |     1 |     1 ||     2
  Use: Scroll            |     6 |     5 |     4 |    12 |    10 ||    37
       Potion            |     1 |     3 |       |     6 |     7 ||    17
 Stab: Sleeping          |     9 |     4 |     2 |       |       ||    15
       Distracted        |       |       |     1 |       |       ||     1
  Eat: Chunk             |     1 |     5 |    12 |    24 |    30 ||    72
       Bread ration      |       |     1 |     1 |     1 |     2 ||     5
       Beef jerky        |       |       |       |     3 |     1 ||     4
       Pizza             |       |       |       |     1 |       ||     1
       Fruit             |       |       |       |     3 |     1 ||     4
Armor: Skin              |     5 |     5 |    10 |    46 |    23 ||    89
Dodge: Dodged            |    37 |    23 |    49 |   135 |    94 ||   338
